 Dungeon Sprint DCSS version 0.19.5 (webtiles) character file.

54 potatolord6000 the Slasher (level 3, -1/27 HPs)
             Began as a High Elf Gladiator on May 17, 2017.
             Was an Initiate of Gozag.
             Slain by a gargoyle
             ... wielding a cursed +0 flail
              (20 damage)
             ... in the Dungeon (Sprint IX: "|||||||||||||||||||||||||||||").
             The game lasted 00:01:06 (127 turns).

potatolord6000 the Slasher (High Elf Gladiator)      Turns: 127, Time: 00:01:06

Health: -1/27      AC:  5    Str: 17    XL:     3   Next: 66%
Magic:  4/4        EV: 17    Int: 12    God:    Gozag
Gold:   0          SH:  0    Dex: 16    Spells: 0 memorised, 2 levels left

rFire  . . .     SeeInvis .     n - +2 scimitar (holy)
rCold  . . .     Gourm    .     b - +0 leather armour
rNeg   . . .     Faith    .     (no shield)
rPois  .         Spirit   .     o - +0 helmet
rElec  .         Reflect  .     (no cloak)
rCorr  .         Harm     .     (no gloves)
MR     .....     NoTele   +     a - +0 pair of boots
Stlth  +.........               (no amulet)
                                p - +3 ring of strength
                                c - +2 ring of evasion

@: very slightly contaminated, hasted, very quick
A: no striking features
a: Potion Petition, Call Merchant, Bribe Branch, Renounce Religion


You were in the Dungeon.
You worshipped Gozag.
Gozag was noncommittal.
You were not hungry.

You visited 1 branch

Inventory:

Hand Weapons
 n - a +2 scimitar of holy wrath (weapon)
Armour
 a - a +0 pair of boots (worn)
 b - a +0 leather armour (worn)
 o - a +0 helmet (worn)
Jewellery
 c - a +2 ring of evasion (left hand)
 p - a +3 ring of strength (right hand)
Scrolls
 k - 2 scrolls of blinking
 l - 3 scrolls of remove curse
 m - 2 scrolls of amnesia
Potions
 d - a potion of invisibility
 e - 5 potions of curing
 g - 2 potions of heal wounds
 i - 4 potions of magic
 j - a potion of berserk rage
Comestibles
 f - a bread ration


   Skills:
 + Level 4.6 Fighting
 + Level 6.1 Long Blades
 - Level 2.0 Throwing
 + Level 5.5 Dodging


You had 2 spell levels left.
You didn't know any spells.

Dungeon Overview and Level Annotations

Branches:
Dungeon (1/1)

Altars:
Cheibriados
Dithmenos
Elyvilon
Fedhas
Gozag
Hepliaklqana
Kikubaaqudgha
Makhleb
Nemelex Xobeh
Okawaru
Qazlal
Ru
Sif Muna
Trog
Uskayaw
Vehumet
Xom
Yredelemnul
Zin
The Shining One
Beogh
Jiyva
Lugonu


Message History

The gargoyle is heavily damaged.
You hit the gargoyle.
The gargoyle is severely damaged.
The gargoyle hurls a stone arrow at you.
The stone arrow misses you.
You closely miss the gargoyle.
The gargoyle is severely damaged.
The gargoyle hits you with a flail!
You hit the gargoyle but do no damage.
The gargoyle is severely damaged.
You hit the gargoyle but do no damage.
The gargoyle is severely damaged.
The gargoyle hurls a stone arrow at you.
The stone arrow misses you.
You hit the gargoyle but do no damage.
The gargoyle is severely damaged.
The gargoyle hits you with a flail!!
Ouch! That really hurt!
You die...
Your body crumbles into a pile of gold. $$$$$ $ $ $ $$$$$ $$$$$$ ▓▓▓▓▓▓▓▓▓▓▓▓▓▓▓▓▓▓▓▓▓▓▓▓ .ozohT9@.[[.)|..'.______ ▓▓▓▓▓▓▓▓▓▓▓▓▓▓▓▓▓▓▓▓▓▓▓▓

You could see a troll, a black bear, a gargoyle, a wight and 2 orcs.

Vanquished Creatures
  An orc priest (D)
  An adder (D)
  A shadow imp (D)
  A dart slug (D)
  A bat (D)
  A bat zombie (D)
  A goblin (D)
  3 frilled lizards (D)
10 creatures vanquished.

Notes
Turn   | Place    | Note
-------+----------+-------------------------------------------
     0 | D        | potatolord6000 the High Elf Gladiator began the quest for the Orb.
     0 | D        | Reached XP level 1. HP: 14/14 MP: 2/2
    11 | D        | Reached skill level 4 in Long Blades
    28 | D        | Noticed an orc priest
    29 | D        | Reached XP level 2. HP: 20/21 MP: 3/3
    35 | D        | Reached skill level 5 in Long Blades
    35 | D        | Reached skill level 5 in Dodging
    35 | D        | Reached XP level 3. HP: 22/27 MP: 4/4
    39 | D        | Reached skill level 6 in Long Blades
    46 | D        | Found a roughly hewn altar of Beogh.
    46 | D        | Found a snail-covered altar of Cheibriados.
    46 | D        | Found a shadowy altar of Dithmenos.
    46 | D        | Found a white marble altar of Elyvilon.
    46 | D        | Found a blossoming altar of Fedhas.
    46 | D        | Found an opulent altar of Gozag.
    47 | D        | Found a hazy altar of Hepliaklqana.
    48 | D        | Found a viscous altar of Jiyva.
    49 | D        | Found an ancient bone altar of Kikubaaqudgha.
    50 | D        | Found a corrupted altar of Lugonu.
    51 | D        | Found a burning altar of Makhleb.
    52 | D        | Found a sparkling altar of Nemelex Xobeh.
    53 | D        | Found an iron altar of Okawaru.
    54 | D        | Became a worshipper of Gozag Ym Sagoz the Greedy
    55 | D        | Found a stormy altar of Qazlal.
    56 | D        | Found a sacrificial altar of Ru.
    57 | D        | Found a deep blue altar of Sif Muna.
    58 | D        | Found a bloodstained altar of Trog.
    59 | D        | Found a hide-covered altar of Uskayaw.
    60 | D        | Found a radiant altar of Vehumet.
    61 | D        | Found a shimmering altar of Xom.
    62 | D        | Found a basalt altar of Yredelemnul.
    63 | D        | Found a glowing silver altar of Zin.
    64 | D        | Found a glowing golden altar of the Shining One.
   113 | D        | Noticed a black bear
   113 | D        | Noticed a troll
   113 | D        | Noticed a gargoyle
   127 | D        | Slain by a gargoyle

Skill      XL: |  1  2  3 |
---------------+----------+-----
Long Blades    | 4 5 6 |  6.1
Dodging        | 4 5 |  5.5
Fighting       | 3 4 |  4.6
Throwing       | |  2.0

Action                   || total
-------------------------++-------
Melee: Long sword        ||    28
       Scimitar          ||    12
  Use: Potion            ||     2
 Stab: Sleeping          ||     1
Armor: Leather armour    ||     8
Dodge: Dodged            ||    22
       Rpst.: Long sword ||     9
       Scimitar          ||     1
